 Dungeon Crawl Stone Soup version 0.30.1-11-g7821555f0a (webtiles) character file.

Game seed: 13782833164287611912

783 Skitler the Magician (level 7, 0/40 HPs)
             Began as a Deep Elf Air Elementalist on Jan 3, 2024.
             Slain by a lemure (5 damage)
             ... led by Pikel
             ... on level 5 of the Dungeon.
             The game lasted 00:10:27 (5704 turns).

Skitler the Magician (Deep Elf Air Elementalist)    Turns: 5704, Time: 00:10:28

Health: 0/40       AC:  3    Str:  5    XL:     7   Next: 55%
Magic:  2/19       EV: 13    Int: 28    God:
Gold:   239        SH:  0    Dex: 15    Spells: 14/19 levels left

rFire   . . .        p - +2 short sword (vamp)
rCold   . . .        (no shield)
rNeg    + . .        a - +0 robe
rPois   .            c - +0 helmet
rElec   .            (no cloak)
rCorr   .            (no gloves)
SInv    .            (no boots)
Will    .....        (no amulet)
Stlth   ++           i - +6 ring of intelligence
HPRegen 0.26/turn    t - ring of positive energy
MPRegen 0.16/turn

%: no passive effects
@: no status effects
A: no striking features
a: no special abilities


You were on level 5 of the Dungeon.
You visited 1 branch of the dungeon, and saw 5 of its levels.

You collected 239 gold pieces.

Inventory:

Hand Weapons
 p - a +2 vampiric short sword (weapon)
Armour
 a - a +0 robe (worn)
 c - a +0 helmet (worn)
Jewellery
 i - a +6 ring of intelligence (left hand)
 t - a ring of positive energy (right hand)
Wands
 h - a wand of charming (6)
 w - a wand of digging (7)
Scrolls
 d - a scroll of fog {unknown}
 g - 2 scrolls of vulnerability {unknown}
 j - 2 scrolls of enchant armour {unknown}
 n - 2 scrolls of immolation {unknown}
 o - a scroll of magic mapping {unknown}
 q - 2 scrolls of enchant weapon {unknown}
 s - 3 scrolls of identify {unknown}
 v - a scroll of teleportation {unknown}
Potions
 b - a potion of magic
 e - a potion of mutation {unknown}
 f - a potion of brilliance {unknown}
 k - 2 potions of heal wounds {unknown}
 l - 2 potions of haste {unknown}
 m - 2 potions of flight {unknown}
 r - a potion of invisibility {unknown}
 u - a potion of might {unknown}
 x - 2 potions of degeneration {unknown}


   Skills:
 * Level 2.4 Fighting
 + Level 3.0 Dodging
 - Level 2.5 Stealth
 + Level 6.7 Spellcasting
 + Level 4.8 Conjurations
 + Level 5.0 Air Magic


You had 14 spell levels left.
You knew the following spells:

 Your Spells              Type           Power      Damage    Failure   Level
a - Shock                 Conj/Air       100%       1d9       1%          1
b - Airstrike             Air            18%        2d(3-19)  7%          4

Your spell library contained the following spells:

 Spells                   Type           Power      Damage    Failure   Level
 Static Discharge         Conj/Air       74%        2-6/arc   1%          2
 Swiftness                Air            37%        N/A       2%          3
 Apportation              Tloc           18%        N/A       5%          1
 Necrotise                Necr           36%        1d5       5%          1
 Summon Small Mammal      Summ           36%        N/A       5%          1
 Call Canine Familiar     Summ           9%         N/A       17%         3
 Portal Projectile        Hex/Tloc       18%        N/A       17%         3
 Leda's Liquefaction      Hex/Erth       4%         N/A       50%         4


Dungeon Overview and Level Annotations

Branches:
Dungeon (5/15)
 Temple: D:4-7

Altars:
Hepliaklqana
Okawaru
Zin

Annotations:
D:5 Pikel


Message History

The zap hits the lemure but does no damage.
The zap hits Pikel.
Pikel is heavily wounded.
The lemure closely misses you.
The zap hits the lemure.
The lemure is heavily wounded.
The lemure barely misses you. The lemure closely misses you.
The lemure hits you.
You hit the lemure.
The lemure is lightly wounded.
The lemure hits you but does no damage. The lemure barely misses you.
The lemure hits you.
You hit the lemure.
The lemure is lightly wounded.
The lemure hits you! x2; The lemure closely misses you.
You miss the lemure.
The lemure is lightly wounded.
The lemure closely misses you. The lemure barely misses you.
The lemure closely misses you.
You hit the lemure but do no damage.
The lemure is lightly wounded.
The lemure hits you. x2
* * * LOW HITPOINT WARNING * * *
The lemure hits you.
* * * LOW HITPOINT WARNING * * *
You miss the lemure.
The lemure is lightly wounded.
The lemure barely misses you.
The lemure hits you but does no damage. x2
You hit the lemure.
The lemure is moderately wounded.
The lemure barely misses you. x2; The lemure hits you but does no damage.
You hit the lemure. Your punch misses the lemure.
The lemure is moderately wounded.
The lemure hits you!
* * * LOW HITPOINT WARNING * * *
The lemure misses you. The lemure hits you but does no damage.
You closely miss the lemure.
The lemure is moderately wounded.
The lemure closely misses you. The lemure hits you.
You die...

.##.<......# #.#
.##......#.# #.#..#
.##..#.#.#.###.#..#
............##.#..
.##.##.#######.#..
............##.#5#
.....#.#.##.##.#K#
##.###....#.##.#5#####
#.#<#.........5@5...#
.#......#.######.###
#........# #
#.#.##.###
####.#.##.##
.....#.#...
###..#.#..## #######
#...#.#..# #.....#
##..##.#..####.###.#


You could see Pikel and 4 lemures.

Vanquished Creatures
  2 phantoms
  3 scorpions (D:5)
  A crimson imp (D:4)
  A hound (D:4)
  A jelly (D:5)
  2 orc priests (D:5)
  2 iguanas (D:4)
  2 orc wizards
  A sleepcap (D:5)
  8 adders
  A white imp (D:4)
  2 worms
  2 dart slugs
  15 orcs
  5 ball pythons
  7 endoplasms
  2 giant cockroaches
  4 goblins
  8 hobgoblins
  3 jackals (D:2)
  8 kobolds
  3 quokkas
  9 bats
  2 frilled lizards (D:1)
  2 rats (D:1)
96 creatures vanquished.

Notes
Turn   | Place    | Note
-------+----------+-------------------------------------------
     0 | D:1      | Skitler the Deep Elf Air Elementalist began the quest for
                  | the Orb.
     0 | D:1      | Reached XP level 1. HP: 10/10 MP: 6/6
   329 | D:1      | Reached XP level 2. HP: 15/15 MP: 2/8
  1726 | D:2      | Reached XP level 3. HP: 19/19 MP: 7/9
  2495 | D:2      | Reached skill level 1 in Fighting
  2495 | D:2      | Reached XP level 4. HP: 25/25 MP: 5/11
  2627 | D:2      | Learned a level 4 spell: Airstrike
  2908 | D:3      | Found a faded altar of an unknown god.
  2909 | D:3      | Noticed a floating eye
  2910 | D:3      | Noticed a floating eye
  2916 | D:3      | Noticed a great orb of eyes
  2919 | D:3      | Noticed a shining eye
  3091 | D:3      | Reached skill level 4 in Spellcasting
  3474 | D:3      | Reached XP level 5. HP: 29/29 MP: 2/13
  3742 | D:4      | Noticed a phantom
  3747 | D:4      | Killed a phantom
  3757 | D:4      | Found a glowing silver altar of Zin.
  4022 | D:4      | Reached XP level 6. HP: 35/35 MP: 11/15
  4316 | D:4      | Reached skill level 5 in Spellcasting
  4358 | D:4      | Found a hazy altar of Hepliaklqana.
  4763 | D:5      | Entered Level 5 of the Dungeon
  4866 | D:5      | Found an iron altar of Okawaru.
  5009 | D:5      | Reached skill level 6 in Spellcasting
  5009 | D:5      | Reached XP level 7. HP: 40/40 MP: 11/18
  5520 | D:5      | Reached skill level 5 in Air Magic
  5689 | D:5      | Noticed Pikel
  5704 | D:5      | Slain by a lemure

Illustrated notes

Levels and vault maps discovered:
D:1:      onia_arrival_mini_maze, layout_basic, hangedman_decor_riveting,
          fountainhead, minivault_14, chequers_big_river
D:2:      minmay_general_purpose_star, layout_basic, minmay_cupped
D:3:      layout_rooms, hellmonk_ecumenical_altar_watching_god
D:4:      layout_basic, kennysheep_mini, zin_academy, minmay_fire_ice_demons
D:5:      layout_basic, mainiacjoe_overflow_concentric_impassable,
          nicolae_overflow_hidden_temple, minivault_23, grunt_decor_cap,
          minmay_misc_feat_five, uniq_grinder, uniq_pikel

Skill      XL: |  1  2  3  4  5  6  7 |
---------------+----------------------+-----
Fighting       | 1 2 |  2.4
Conjurations   | 2 3 4 |  4.8
Spellcasting   | 4 6 |  6.7
Air Magic      | 4 5 |  5.0
Dodging        | 3 |  3.0
Stealth        | |  2.5

Action                     |  1- 3 |  4- 6 |  7- 9 || total
---------------------------+-------+-------+-------++-------
  Melee: Unarmed           |     3 |       |       ||     3
         Short sword       |       |       |     8 ||     8
   Cast: Shock             |   101 |   127 |    49 ||   277
         Airstrike         |       |     1 |     6 ||     7
 Armour: Robe              |     8 |     2 |     9 ||    19
  Dodge: Dodged            |    22 |     8 |    21 ||    51
